 Dungeon Crawl Stone Soup version 0.30-a0-879-ga8ba668304 (webtiles) character file.

Game seed: 8968930076277534305

4 Esekla the Sneak (level 1, 16/16 HPs)
             Began as an Octopode Delver on Mar 14, 2023.
             Quit the game on level 5 of the Dungeon.
             The game lasted 00:02:17 (286 turns).

Esekla the Sneak (Octopode Delver)                   Turns: 286, Time: 00:02:18

Health: 16/16      AC:  1    Str: 11    XL:     1   Next: 70%
Magic:  1/1        EV: 13    Int: 12    God:
Gold:   20         SH:  0    Dex: 13    Spells: 0/0 levels left

rFire   . . .      SeeInvis .    a - +0 falchion
rCold   . . .      Faith    .    (no shield)
rNeg    . . .      Spirit   .    (helmet restricted)
rPois   .          Reflect  .    (no amulet)
rElec   .          Rampage  .    (no ring)
rCorr   .                        (no ring)
Will    .....                    (no ring)
Stlth   ++++                     (no ring)
HPRegen 0.22/turn                (no ring)
MPRegen 0.07/turn                (no ring)
                                 (no ring)
                                 (no ring)

@: no status effects
A: almost no armour, amphibious, 8 rings, camouflage 1, gelatinous body 1,
(nimble swimmer 1), tentacles
a: no special abilities


You were on level 5 of the Dungeon.
You visited 1 branch of the dungeon, and saw 1 of its levels.

You collected 20 gold pieces.

Inventory:

Hand Weapons
 a - a +0 falchion (weapon)
 c - a +0 dagger
Wands
 f - a wand of digging (3)
Scrolls
 b - 2 scrolls of fog
Potions
 d - a potion of curing {unknown}
 e - a potion of haste
 g - a potion of might {unknown}


   Skills:
 * Level 3.0 Fighting
 * Level 2.0 Long Blades
 * Level 2.0 Dodging
 + Level 6.7 Stealth
 * Level 0.2 Spellcasting


You couldn't memorise any spells.
You didn't know any spells.
Your spell library was empty.

Dungeon Overview and Level Annotations

Branches:
Dungeon (5/15)
 Temple: D:4-7

Altars:
Sif Muna
Vehumet
The Shining One


Innate Abilities, Weirdness & Mutations

You cannot wear most types of armour.
You are amphibious.
You can wear up to eight rings at the same time.
Your skin changes colour to match your surroundings (Stealth+).
Your rubbery body absorbs attacks. (AC +1, EV +1)
((You are camouflaged when in or above water. (Stealth+)))
You have tentacles for arms and can constrict up to eight enemies at once.


Message History

Things that are here:
a +0 dagger; an orc corpse
c - a +0 dagger You start resting.
A scorpion comes into view.
A phantom comes into view.
A howler monkey comes into view.
A centaur comes into view.
The centaur shouts!
A dart slug comes into view.
The centaur wields a +0 shortbow.
The centaur shoots an arrow.
The arrow hits you.
The centaur shoots an arrow.
The arrow closely misses you.
As you read the scroll of fear, it crumbles to dust.
You assume a fearsome visage.
The centaur looks frightened!
An iguana comes into view.
Found a cyan potion.
d - a cyan potion You start waiting.
A scorpion is nearby!
You start waiting.
Done waiting.
The dart slug bites you but does no damage.
You barely miss the dart slug. You grab the dart slug.
You constrict the dart slug, but do no damage.
The dart slug bites you.
You hit the dart slug. You squeeze the dart slug.
The dart slug is moderately wounded.
You constrict the dart slug.
The dart slug bites you but does no damage.
You hit the dart slug but do no damage. You squeeze the dart slug.
You kill the dart slug!
You open the door.
There is an open door here.
You close the door.
Found a fuming brown potion.
Found a glowing golden altar of the Shining One.
g - a fuming brown potion
There are no items here.
Are you sure you want to abandon this character and quit the game? (Confirm with "yes".)

....#####......# *,,**
.....## ##.##### **,,*
......## ######******,,,*
.......#* ##.#*,,,,,**,*
...###..# ##..#*,*,,*****
...# *#####...#****,*
...#######....### *,**
....#......#..#.##**,*
....+.#######.._@#**,** ***
....#......#..#.##*,,,***,*
....######....###**,,,,,,**
##..# ##...# *,,,*,,,*
,..## ***##..# *,,**,,**
...#* **,**##.# **,,,,,*
...,***,,,**###****,,**,*
...,*,,,**,* *,,,,,,****
,,,,,,****,** *,***,,,*,*


There were no monsters in sight!

Vanquished Creatures
  A dart slug (D:5)
  An orc (D:5)
2 creatures vanquished.

Notes
Turn   | Place    | Note
-------+----------+-------------------------------------------
     0 | D:5      | Esekla the Octopode Delver began the quest for the Orb.
     0 | D:5      | Reached XP level 1. HP: 16/16 MP: 1/1
     4 | D:5      | Noticed a hound
    28 | D:5      | Noticed a hound
    37 | D:5      | Found a shimmering blue altar of Sif Muna.
    37 | D:5      | Found a radiant altar of Vehumet.
   109 | D:5      | Noticed a scorpion
   115 | D:5      | Noticed a phantom
   116 | D:5      | Noticed a howler monkey
   117 | D:5      | Noticed a centaur
   124 | D:5      | Noticed an iguana
   279 | D:5      | Found a glowing golden altar of the Shining One.
   286 | D:5      | Quit the game

Illustrated notes

Levels and vault maps discovered:
D:5:      layout_layer_cave, gammafunk_temple_overflow_elements,
          nicolae_tso_swordbearing_angel, nicolae_wu_jian_immortal_techniques,
          lightli_minifort

Action                     || total
---------------------------++-------
  Melee: Falchion          ||     8
         Constrict         ||     2
         Tentacles         ||     2
    Use: Scroll            ||     2
 Armour: Skin              ||     2
  Dodge: Dodged            ||     1

Table legend: (Time is in decaauts)
 A = Elapsed time spent in this place.
 B = Non-inter-level travel time spent in this place.
 C = Inter-level travel time spent in this place.
 D = Time resting spent in this place.
 E = Time spent auto-exploring this place.
 F = Levels seen in this place.
 G = Mean time per level.
                   A        B        C        D        E       F      G
               +--------+--------+--------+--------+--------+-----+--------+
         Total |    287 |    287 |      0 |    121 |      0 |   1 |  287.0 |
       Dungeon |    287 |    287 |      0 |    121 |      0 |   1 |  287.0 |
               +--------+--------+--------+--------+--------+-----+--------+

Top non-repeatable levels by time:
     D:5: 287 daAuts
